 Dungeon Crawl Stone Soup version 0.31-a0-640-g39d97e502b (webtiles) character file.

Game seed: 9723855341964601568

51825 thug444 the Severer (level 14, -17/115 HPs)
             Began as a Vine Stalker Berserker on Aug 25, 2023.
             Was an Elder of Trog.
             Demolished by a white ugly thing (28 damage)
             ... on level 13 of the Dungeon on Aug 28, 2023.
             The game lasted 00:43:12 (21055 turns).

thug444 the Severer (Vine Stalker Berserker)       Turns: 21055, Time: 00:43:12

Health: -17/115    AC: 24    Str: 28    XL:     14   Next: 61%
Magic:  0/15       EV: 12    Int:  7    God:    Trog [****..]
Gold:   1019       SH:  0    Dex: 15    Spells: 13/13 levels left

rFire   . . .        T - +2 war axe (elec)
rCold   . . .        (no shield)
rNeg    + + +        v - +4 chain mail of Midwinter {Str+4}
rPois   .            R - +0 hat of the Lobster {rN+++ Will- Regen+ rCorr}
rElec   .            G - +2 cloak
rCorr   +            c - +2 pair of gloves
SInv    .            t - +0 pair of boots
Will    .....        w - amulet of regeneration Stlth
                     (no ring)
HPRegen 2.79/turn    (no ring)
MPRegen 0.14/turn

%: guardian spirit
@: berserking, very quick
A: fangs 3, regeneration 1, magic shield, antimagic bite, no potion heal 2
a: Renounce Religion, Berserk, Trog's Hand, Brothers in Arms


You were on level 13 of the Dungeon.
You worshipped Trog.
Trog was greatly pleased with you.
You visited 3 branches of the dungeon, and saw 18 of its levels.

You collected 1019 gold pieces.

Inventory:

Hand Weapons
 a - a +0 hand axe
 H - a +1 war axe
 T - a +2 war axe of electrocution (weapon)
Armour
 b - a +0 animal skin
 c - a +2 pair of gloves (worn)
 h - a +0 ring mail
 i - a +0 chain mail
 r - an orb of energy
 t - a +0 pair of boots (worn)
 v - the +4 chain mail of Midwinter (worn) {Str+4}
   (You found it on level 1 of the Lair of Beasts)

   Str+4:     It affects your strength (+4).
 G - a +2 cloak (worn)
 N - a +2 hat
 Q - a +2 hat
 R - the +0 hat of the Lobster (worn) {rN+++ Will- Regen+ rCorr}
   (You found it on level 9 of the Dungeon)

   rN+++:     It renders you almost immune to negative energy.
   Will-:     It decreases your willpower.
   Regen+:    It increases your rate of health regeneration.
   rCorr:     It protects you from acid and corrosion.
 S - a +1 cloak
Jewellery
 n - an amulet of guardian spirit
 w - an amulet of regeneration (around neck)
 D - an amulet of magic regeneration
 X - the amulet "Paifforyech" {Reflect Harm +Inv Dex+3 SH+5}
   (You found it on level 14 of the Dungeon)

   [amulet of reflection]

   Reflect:   It reflects blocked missile attacks.
   Dex+3:     It affects your dexterity (+3).
   +Inv:      It lets you turn invisible.
   SH+5:      It affects your SH (+5).
   Harm:      It increases damage dealt and taken.
 Z - a ring of fire
Wands
 m - a wand of acid (29)
 B - a wand of flame (44)
 E - a wand of mindburst (18)
 F - a wand of iceblast (10)
 J - a wand of polymorph (14)
 P - a wand of charming (14)
Scrolls
 e - 5 scrolls of immolation
 f - 2 scrolls of silence
 j - 2 scrolls of vulnerability
 l - 5 scrolls of teleportation
 o - a scroll of enchant weapon
 p - 3 scrolls of revelation
 y - 2 scrolls of identify
 L - 2 scrolls of noise {unknown}
 O - 2 scrolls of fear
 V - 2 scrolls of fog
 W - a scroll of blinking
 Y - a scroll of summoning {unknown}
Potions
 d - a potion of magic {unknown}
 g - 7 potions of mutation {unknown}
 k - 3 potions of berserk rage {unknown}
 q - 5 potions of haste
 s - 3 potions of lignification {unknown}
 u - 4 potions of attraction
 x - a potion of resistance {unknown}
 z - a potion of brilliance {unknown}
 A - 6 potions of curing
 C - 3 potions of degeneration {unknown}
 I - a potion of invisibility {unknown}
 K - 2 potions of might {unknown}
 M - 4 potions of heal wounds {unknown}
 U - 2 potions of enlightenment {unknown}


   Skills:
 * Level 10.9 Fighting
 * Level 15.7 Axes
 * Level 10.8 Armour
 * Level 7.2 Dodging
 + Level 1.7 Stealth


You had 13 spell levels left.
You didn't know any spells.
Your spell library was empty.

Dungeon Overview and Level Annotations

Branches:
Dungeon (14/15)            Temple (0/1) D:6            Lair (3/5) D:9
  Snake (0/4) Lair:2          Orc (1/2) D:9          Vaults (0/5) D:14
  Swamp: Lair:2-3    Shoals: Lair:2-3

Altars:
Ashenzari
Cheibriados
Dithmenos
Makhleb
Okawaru
Qazlal
Vehumet
Xom

Shops:
D:14 *


Innate Abilities, Weirdness & Mutations

You have razor-sharp teeth.
Your natural rate of healing is unusually fast.
When hurt, damage is shared between your health and your magic reserves.
Your bite disrupts and absorbs the magic of your enemies.
Potions cannot restore your health.


Message History

The white ugly thing freezes you!
You closely miss the white ugly thing. You bite the white ugly thing!
You drain its power.
You feel invigorated.
The white ugly thing is moderately wounded.
You closely miss the white ugly thing. You slash the komodo dragon!
Lightning courses through the komodo dragon!
The white ugly thing bites you but does no damage.
You slash the komodo dragon!
The komodo dragon is severely wounded.
You hit the white ugly thing.
Lightning courses through the white ugly thing!
You slice the white ugly thing!!
An orc knight comes into view. It is wielding a +0 glaive.
The white ugly thing gores you but does no damage.
The komodo dragon closely misses you.
The orc knight shouts!
You slash the white ugly thing! Your bite misses the white ugly thing.
The white ugly thing is almost dead.
You closely miss the white ugly thing. You barely miss the komodo dragon.
The white ugly thing bites you! The white ugly thing freezes you!!
You completely miss the white ugly thing.
Your bite misses the white ugly thing.
The white ugly thing is almost dead.
You hit the white ugly thing. You closely miss the komodo dragon.
The white ugly thing gores you. The white ugly thing freezes you!!
* * * LOW HITPOINT WARNING * * *
The boulder beetle stops rolling and uncurls.
The komodo dragon bites you!!
* * * LOW HITPOINT WARNING * * *
You closely miss the white ugly thing. You bite the white ugly thing.
You drain its power.
You feel invigorated.
The white ugly thing is heavily wounded.
You barely miss the white ugly thing. You slash the komodo dragon!
Lightning courses through the komodo dragon!
You kill the komodo dragon!
Trog accepts your kill. The white ugly thing bites you.
* * * LOW HITPOINT WARNING * * *
The white ugly thing freezes you!!
You die...

##..#### ##...##.## .....
###....##..## ..... #.#..†......#
...... ##.#.........# ......
#............#####......
#........)...))#.........#.....##
.........)....[..u....o...).....#
............##..@uB..............
...#.............†°.............#
...#....#...)).....°......(....##
...#...##.......................#
.......#........................#
....#####....##..................
##...####.....#..................
#......###..............<.......#
........#............$).........#


You could see a boulder beetle, an orc knight and 2 ugly things.

Vanquished Creatures
  Gastronok (Lair:2)
  A great orb of eyes (D:14)
  3 hydras
  A vault guard (D:14)
  3 boulder beetles
  5 two-headed ogres
  6 centaur warriors
  A tengu warrior (D:13)
  6 skeletal warriors (D:13)
  A skyshark (Lair:3)
  A deep elf pyromancer (D:9)
  Pikel (D:7)
  A deep elf zephyrmancer (D:9)
  2 manticores (D:14)
  An orc sorcerer (Orc:1)
  2 ugly things (D:11)
  3 cyclopes
  3 black mambas
  7 elephants
  Maurice (D:9)
  Jeremiah (D:9)
  3 gargoyles
  8 cane toads
  A torpor snail (Lair:2)
  4 komodo dragons
  A rime drake (D:9)
  3 meliai (D:13)
  4 trolls
  Prince Ribbit (D:7)
  2 polar bears
  A hornet (D:9)
  7 blink frogs
  8 slime creatures (D:14)
  A vampire (D:10)
  3 wyverns
  A spriggan (Lair:2)
  Sigmund (D:7)
  41 yaks
  3 wraiths
  5 basilisks
  A basilisk (shapeshifter) (D:14)
  7 vampire mosquitoes
  A steam dragon (D:10)
  Menkaure (D:5)
  3 nagas (Lair:2)
  A warg (Orc:1)
  Edmund (D:7)
  5 water moccasins
  A swamp drake (D:9)
  Duvessa (D:5)
  An ice beast (D:9)
  3 orc warriors
  2 sky beasts
  3 black bears
  3 boggarts (D:14)
  8 wolves
  21 centaurs
  A lemure (D:7)
  A phantom (D:6)
  5 kobold brigands
  2 earth elementals (D:14)
  15 bullfrogs
  A gnoll sergeant (D:7)
  5 scorpions
  Dowan (D:5)
  3 electric eels (Lair:2)
  9 howler monkeys
  A crimson imp (D:9)
  2 orc priests (Orc:1)
  2 jellies (D:6)
  Crazy Yiuf (D:7)
  3 sleepcaps
  2 hounds
  An iron imp (D:9)
  Ijyb (D:3)
  2 iguanas
  6 orc wizards
  Natasha (thrice) (D:2)
  Robin (D:2)
  3 gnolls (D:7)
  7 adders
  2 shadow imps
  2 white imps
  2 ufetubi
  A worm (D:2)
  2 dart slugs
  28 orcs
  4 endoplasms
  4 giant cockroaches
  12 goblins
  9 hobgoblins
  4 quokkas
  6 ball pythons
  5 bats
  3 frilled lizards
  33 kobolds
  7 rats
414 creatures vanquished.

Vanquished Creatures (others)
  2 boggarts (D:14)
  An orc wizard (D:9)
3 creatures vanquished.

Grand Total: 417 creatures vanquished

Notes
Turn   | Place    | Note
-------+----------+-------------------------------------------
     0 | D:1      | thug444 the Vine Stalker Berserker began the quest for the
                  | Orb.
     0 | D:1      | Reached XP level 1. HP: 11/11 MP: 2/2
   232 | D:1      | Reached XP level 2. HP: 14/16 MP: 3/3
   240 | D:1      | Found a faded altar of an unknown god.
   244 | D:1      | Reached skill level 3 in Axes
   897 | D:2      | Reached XP level 3. HP: 20/20 MP: 4/4
   931 | D:2      | Reached ** piety under Trog
   977 | D:2      | Noticed Natasha
   983 | D:2      | Killed Natasha
   984 | D:2      | Gained mutation: Your natural rate of healing is unusually
                  | fast. [Vine Stalker growth]
   984 | D:2      | Reached XP level 4. HP: 24/24 MP: 2/5
  1021 | D:2      | Noticed Robin
  1044 | D:2      | Killed Robin
  1314 | D:2      | Noticed Natasha
  1326 | D:2      | Killed Natasha
  1327 | D:2      | Reached skill level 4 in Axes
  1327 | D:2      | Reached XP level 5. HP: 20/28 MP: 3/6
  1334 | D:2      | Noticed Natasha
  1346 | D:2      | Killed Natasha
  1774 | D:3      | Reached XP level 6. HP: 3/32 MP: 2/7
  2008 | D:3      | Noticed Ijyb
  2018 | D:3      | Killed Ijyb
  2405 | D:4      | Found a radiant altar of Vehumet.
  2642 | D:5      | Entered Level 5 of the Dungeon
  2744 | D:5      | Noticed Menkaure
  2750 | D:5      | Killed Menkaure
  2751 | D:5      | Reached skill level 5 in Axes
  2751 | D:5      | Reached XP level 7. HP: 37/37 MP: 8/8
  2884 | D:5      | Noticed Duvessa
  2884 | D:5      | Noticed Dowan
  2894 | D:5      | Killed Duvessa
  2895 | D:5      | Killed Dowan
  3176 | D:5      | Found a burning altar of Makhleb.
  3182 | D:5      | Gained mutation: You have razor-sharp teeth. [Vine Stalker
                  | growth]
  3182 | D:5      | Reached XP level 8. HP: 42/42 MP: 9/9
  3241 | D:5      | Reached *** piety under Trog
  3242 | D:5      | Reached skill level 6 in Axes
  3469 | D:6      | Found a staircase to the Ecumenical Temple.
  4038 | D:6      | Found an iron altar of Okawaru.
  4058 | D:6      | Found a snail-covered altar of Cheibriados.
  4128 | D:6      | Found a shadowy altar of Dithmenos.
  4159 | D:6      | Found a broken altar of Ashenzari.
  4216 | D:7      | Reached skill level 5 in Armour
  4471 | D:7      | Reached skill level 7 in Axes
  4473 | D:7      | Reached XP level 9. HP: 46/46 MP: 7/10
  4474 | D:7      | Reached skill level 5 in Fighting
  4759 | D:7      | Noticed Prince Ribbit
  4772 | D:7      | Killed Prince Ribbit
  4983 | D:7      | Found a runed translucent door.
  4984 | D:7      | Noticed Crazy Yiuf
  5064 | D:7      | Noticed Sigmund
  5072 | D:7      | Killed Sigmund
  5084 | D:7      | Noticed Edmund
  5093 | D:7      | Killed Edmund
  5098 | D:7      | HP: 2/47 [poisoned by Edmund]
  5135 | D:7      | Noticed Pikel
  5159 | D:7      | Reached skill level 8 in Axes
  5173 | D:7      | Killed Pikel
  5978 | D:7      | Killed Crazy Yiuf
  6060 | D:8      | Noticed a two-headed ogre
  6072 | D:8      | Killed a two-headed ogre
  6073 | D:8      | Reached skill level 9 in Axes
  6073 | D:8      | Reached XP level 10. HP: 34/53 MP: 6/11
  7337 | D:9      | Reached **** piety under Trog
  7340 | D:9      | Noticed a deep elf zephyrmancer
  7346 | D:9      | Killed a deep elf zephyrmancer
  7349 | D:9      | Noticed a deep elf pyromancer
  7349 | D:9      | Noticed Maurice
  7360 | D:9      | Killed a deep elf pyromancer
  7361 | D:9      | Reached skill level 10 in Axes
  7368 | D:9      | Killed Maurice
  7374 | D:9      | Identified the +0 hat of the Lobster {rN+++ Will- Regen+
                  | rCorr}
  7525 | D:9      | Reached XP level 11. HP: 48/58 MP: 12/12
  7558 | D:9      | Reached skill level 11 in Axes
  7580 | D:9      | Noticed Jeremiah
  8001 | D:9      | Found a staircase to the Lair.
  8042 | Lair:1   | Entered Level 1 of the Lair of Beasts
  8371 | D:9      | Reached ***** piety under Trog
  8372 | D:9      | Reached skill level 5 in Dodging
  8608 | D:9      | Found a staircase to the Orcish Mines.
  8614 | Orc:1    | Entered Level 1 of the Orcish Mines
  8731 | Orc:1    | Noticed an orc sorcerer
  8749 | Orc:1    | Noticed a sixfirhy
  8751 | Orc:1    | Killed an orc sorcerer
  9132 | D:9      | Found a stormy altar of Qazlal.
  9208 | D:9      | Killed Jeremiah
 10133 | D:10     | Entered Level 10 of the Dungeon
 10271 | Lair:1   | Noticed a five-headed hydra
 10281 | Lair:1   | Killed a ten-headed hydra
 10282 | Lair:1   | Reached skill level 12 in Axes
 10282 | Lair:1   | Reached skill level 1 in Stealth
 10531 | Lair:1   | Reached XP level 12. HP: 64/64 MP: 13/13
 10752 | Lair:1   | Identified the +4 chain mail of Midwinter {Str+4}
 11292 | Lair:2   | Upgraded the game from 0.31-a0-632-g766dd24fdf to
                  | 0.31-a0-640-g39d97e502b
 12277 | Lair:2   | Received a gift from Trog
 12375 | Lair:2   | Reached skill level 13 in Axes
 12734 | Lair:2   | Reached XP level 13. HP: 70/70 MP: 14/14
 12796 | Lair:2   | Noticed Gastronok
 13644 | Lair:2   | Killed Gastronok
 13645 | Lair:2   | Reached skill level 14 in Axes
 14423 | Lair:2   | Found a staircase to the Snake Pit.
 16773 | D:11     | Found a shimmering altar of Xom.
 16773 | D:11     | Found a shimmering altar of Xom.
 17324 | D:11     | You fall into a shaft and drop 3 floors!
 17328 | D:14     | Found Motigh's Pet Rocks.
 17471 | D:14     | Reached skill level 10 in Armour
 17552 | D:14     | Reached skill level 10 in Fighting
 17560 | D:14     | Noticed a vault guard
 17577 | D:14     | Killed a vault guard
 17614 | D:14     | Noticed a great orb of eyes
 17616 | D:14     | Found a gate to the Vaults.
 17621 | D:14     | Killed a great orb of eyes
 17894 | D:14     | Reached skill level 15 in Axes
 17894 | D:14     | Reached XP level 14. HP: 77/77 MP: 15/15
 18777 | D:14     | Identified the amulet "Paifforyech" {Reflect Harm +Inv
                  | Dex+3 SH+5}
 18824 | D:14     | Found an iron altar of Okawaru.
 21055 | D:13     | Demolished by a white ugly thing

Illustrated notes

Levels and vault maps discovered:
D:1:      scummos_arrival_gate, layout_loops_ring,
          chequers_ecumenical_altar_simple_redux
D:2:      layout_basic, uniq_natasha, uniq_robin
D:3:      layout_basic, uniq_ijyb
D:4:      layout_rooms, mainiacjoe_overflow_surrounded_room,
          dreamdust_mushroom_princess, chequers_jeans
D:5:      layout_gridville, makhleb_altar_promises_db, uniq_menkaure,
          uniq_duvessa
D:6:      layout_basic, nicolae_overflow_quartered_altars,
          minmay_temple_entry_drinking_statues, serial_curves, eino_curves_02,
          eino_curves_03, hangedman_decor_points
D:7:      layout_cave_pools, sigmund_edmund_badplayer, uniq_crazy_yiuf_cottage,
          uniq_prince_ribbit1, uniq_pikel
D:8:      layout_rooms
D:9:      layout_loops_ring, mainiacjoe_overflow_tiny_flanked,
          hellmonk_lair_entry_icy, orc_0_dummy, hangedman_minor_magic,
          uniq_maurice, uniq_jeremiah
D:10:     layout_irregular_city
D:11:     layout_long_grid, xom_redecorated
D:12:     layout_long_grid
D:13:     nzn_winding_woodlands_medium [nzn_winding_woodlands_5x5_default,
          nzn_winding_woodlands_5x15_crooked,
          nzn_winding_woodlands_5x5_open_star, nzn_winding_woodlands_5x5_cross,
          nzn_winding_woodlands_center_diamonds,
          nzn_winding_woodlands_hourglass, nzn_winding_woodlands_5x5_perimeter,
          nzn_winding_woodlands_5x15_split_checker,
          nzn_winding_woodlands_5x5_checkerboard], layout_cave_pools
D:14:     layout_loops_ring, hellmonk_vaults_order_and_chaos,
          okawaru_gym_becter, guppyfry_shop_earth
Lair:1:   layout_chaotic_city
Lair:2:   layout_big_grid, minmay_snake_entry_guardpost_small, serial_bayou,
          serial_bayou_lagoon_a, serial_bayou_pond_b, serial_bayou_crossing,
          serial_bayou_pond_c, grunt_forest_stairs_clearing, grunt_megastairs_1,
          uniq_gastronok
Lair:3:   layout_cave_pods, minmay_swamp_entry_worms, lemuel_fruit_fields,
          grunt_megastairs_2, infiniplex_staircase_pool_2
Orc:1:    layout_diamond_mine, serial_shops

Skill      XL: |  1  2  3  4  5  6  7  8  9 10 11 12 13 14 |
---------------+-------------------------------------------+-----
Axes           | 3 4 5 7 9 10 12 13 15 | 15.7
Fighting       | 3 4 6 8 9 10 | 10.9
Dodging        | 2 3 4 5 6 7 |  7.2
Armour         | 2 3 4 5 6 8 9 10 | 10.8
Stealth        | 1 |  1.7

Action                     |  1- 3 |  4- 6 |  7- 9 | 10-12 | 13-15 || total
---------------------------+-------+-------+-------+-------+-------++-------
  Melee: Hand axe          |    93 |   148 |   111 |       |       ||   352
         Bite              |    19 |    30 |    63 |   196 |   190 ||   498
         Punch             |     1 |       |     4 |     8 |     5 ||    18
         War axe           |       |       |    98 |   582 |   433 ||  1113
 Invoke: Berserk           |     1 |     4 |     8 |     9 |    15 ||    37
         Trog's Hand       |       |     2 |     1 |     1 |     1 ||     5
    Use: Scroll            |       |     4 |     2 |    15 |     5 ||    26
 Armour: Animal skin       |     9 |       |       |       |       ||     9
         Ring mail         |    10 |    14 |       |       |       ||    24
         Chain mail        |       |    79 |   147 |   291 |   322 ||   839
  Dodge: Dodged            |    73 |    68 |   133 |   329 |   298 ||   901

Table legend: (Time is in decaauts)
 A = Elapsed time spent in this place.
 B = Non-inter-level travel time spent in this place.
 C = Inter-level travel time spent in this place.
 D = Time resting spent in this place.
 E = Time spent auto-exploring this place.
 F = Levels seen in this place.
 G = Mean time per level.
                   A        B        C        D        E       F      G
               +--------+--------+--------+--------+--------+-----+--------+
         Total |  21349 |  21031 |    318 |   8594 |   7924 |  18 | 1186.1 |
       Dungeon |  15608 |  15347 |    261 |   5779 |   6470 |  14 | 1114.9 |
          Lair |   5604 |   5547 |     57 |   2815 |   1454 |   3 | 1868.0 |
  Orcish Mines |    136 |    136 |      0 |      0 |      0 |   1 |  136.0 |
               +--------+--------+--------+--------+--------+-----+--------+

Top non-repeatable levels by time:
     D:9: 3098 daAuts
  Lair:1: 3025 daAuts
     D:7: 2154 daAuts
    D:12: 1931 daAuts
  Lair:2: 1726 daAuts
    D:14: 1546 daAuts
    D:10: 1055 daAuts
     D:6: 1010 daAuts
     D:1: 881 daAuts
  Lair:3: 852 daAuts
     D:5: 813 daAuts
     D:3: 754 daAuts
    D:11: 625 daAuts
     D:2: 583 daAuts
     D:4: 498 daAuts
